 Dungeon Crawl Stone Soup version 0.25-a0-860-gf695395 (webtiles) character file.

Game seed: 13046330384091823398, levelgen mode: deterministic

58 Atlas the Chiller (level 4, 0/27 HPs)
             Began as an Octopode Ice Elementalist on Apr 29, 2020.
             Killed from afar by Sigmund (11 damage)
             ... with a puff of flame
             ... on level 2 of the Dungeon.
             The game lasted 00:03:07 (2585 turns).

Atlas the Chiller (Octopode Ice Elementalist)       Turns: 2585, Time: 00:03:07

Health: 0/27       AC:  1    Str:  7    XL:     4   Next: 1%
Magic:  7/7        EV: 13    Int: 18    God:
Gold:   93         SH:  0    Dex: 12    Spells: 1/8 levels left

rFire    . . .     SeeInvis .   (no weapon)
rCold    . . .     Gourm    .   (no shield)
rNeg     . . .     Faith    .   (helmet restricted)
rPois    .         Spirit   .   (no amulet)
rElec    .         Reflect  .   (no ring)
rCorr    .         Harm     .   (no ring)
MR       .....                  (no ring)
Stlth    ++........             (no ring)
HPRegen  0.09/turn              (no ring)
MPRegen  0.10/turn              (no ring)
                                (no ring)
                                (no ring)

@: confused
A: almost no armour, stealthy swim, amphibious, 8 rings, constrict 8, camouflage
1, gelatinous body 1
a: no special abilities


You were on level 2 of the Dungeon.
You were not hungry.

You visited 1 branch of the dungeon, and saw 2 of its levels.

You collected 93 gold pieces.

Inventory:

Scrolls
 a - a scroll of teleportation {unknown}
 c - a scroll of remove curse {unknown}
 e - 4 scrolls of identify {unknown}
 g - a scroll of blinking {unknown}
Potions
 d - a potion of resistance {unknown}
 h - a potion of degeneration {unknown}
 i - a potion of haste {unknown}
 j - a potion of curing {unknown}
Comestibles
 b - 4 rations
 f - 3 chunks of flesh


   Skills:
 + Level 0.1 Fighting
 + Level 2.1 Dodging
 + Level 3.1 Stealth
 + Level 0.5 Unarmed Combat
 + Level 2.5 Spellcasting
 + Level 4.7 Ice Magic


You had one spell level left.
You knew the following spells:

 Your Spells              Type           Power        Failure   Level  Hunger
a - Freeze                Ice            ###.         2%          1    #......
b - Frozen Ramparts       Ice            ###...       7%          3    ###....
c - Ozocubu's Armour      Chrm/Ice       ##......     19%         3    ###....

Your spell library contained the following spells:

 Spells                   Type           Power        Failure   Level  Hunger
 Hailstorm                Conj/Ice       ##......     54%         4    #####..
 Summon Ice Beast         Ice/Summ       ##......     54%         4    #####..


Dungeon Overview and Level Annotations

Branches:
Dungeon (2/15)

Altars:
Fedhas

Annotations:
D:2 Sigmund


Innate Abilities, Weirdness & Mutations

You cannot wear most types of armour.
You are very stealthy in the water. (Stealth+)
You are amphibious.
You can wear up to eight rings at the same time.
You can use your tentacles to constrict eight enemies at once.
Your skin changes colour to match your surroundings (Stealth+).
Your rubbery body absorbs attacks. (AC +1, EV +1)


Message History

Sigmund gestures at you while chanting.
You are confused.
You bump into the rock wall.
Sigmund gestures at you while chanting. The magic dart hits you.
You're too confused to move!
You bump into the rock wall.
You feel less confused. Sigmund gestures at you while chanting.
The puff of flame hits you. Sigmund gestures at you while chanting.
The magic dart hits you!
Sigmund points at you and mumbles some strange words.
The magic dart hits you. Sigmund gestures at you while chanting.
You are confused.
You bump into the rock wall.
Sigmund gestures at you while chanting. The puff of flame hits you!
You die...

########......#.##...# ###
#......#@##...# #..
#####..#.##...# #.# ########
#..#.##...# #.# .......#
#..#.##...# #.# ######.#
#..#.###.## #.# #.# #.(#.#
#.# #.# ##.### #..#.###.#
#.. #####....# #..#.@...#
###
.........###.÷############
..........÷...#..........#
.........###..#.########.#
.........###.##.# ###.###
..............#.######.....#
#####.#.#.##...............#
#.#.......#............#
#.####.#.#########.....#


You could see Sigmund.

Vanquished Creatures
  An adder (D:2)
  An ooze (D:1)
  An adder skeleton (D:2)
  2 ball pythons
  7 bats
  3 giant cockroaches (D:2)
  3 hobgoblins
  7 jackals
  4 kobolds
  4 frilled lizards (D:1)
  4 goblins
  4 rats
41 creatures vanquished.

Notes
Turn   | Place    | Note
-------+----------+-------------------------------------------
     0 | D:1      | Atlas the Octopode Ice Elementalist began the quest for the
                  | Orb.
     0 | D:1      | Reached XP level 1. HP: 11/11 MP: 3/3
    46 | D:1      | Reached XP level 2. HP: 6/17 MP: 0/5
   709 | D:1      | Reached XP level 3. HP: 12/21 MP: 0/6
  1050 | D:2      | Noticed Sigmund
  1057 | D:1      | Learned a level 3 spell: Frozen Ramparts
  1493 | D:2      | Found a blossoming altar of Fedhas.
  2007 | D:2      | Learned a level 3 spell: Ozocubu's Armour
  2503 | D:2      | Reached XP level 4. HP: 25/27 MP: 3/7
  2585 | D:2      | Killed from afar by Sigmund

Levels and vault maps discovered:
D:1:      ncdulo_watergridlock, layout_rooms
D:2:      layout_basic, first_ration, fedhas_altar_1, uniq_sigmund

Skill      XL: |  1  2  3 |
---------------+----------+-----
Stealth        | 3 |  3.1
Fighting       | |  0.1
Dodging        | |  2.1
Unarmed Combat | |  0.5
Spellcasting   | |  2.5
Ice Magic      | |  4.7

Action                   |  1- 3 |  4- 6 || total
-------------------------+-------+-------++-------
Melee: Unarmed           |    49 |       ||    49
       Constrict         |    17 |       ||    17
       Tentacles         |     5 |       ||     5
 Cast: Freeze            |    34 |       ||    34
       Frozen Ramparts   |     3 |       ||     3
 Stab: Sleeping          |     3 |       ||     3
  Eat: Chunk             |     2 |       ||     2
       Ration            |     1 |       ||     1
Armor: Skin              |     6 |       ||     6
Dodge: Dodged            |    52 |       ||    52

Table legend:
 A = Non-vault XP
 B = Vault XP
 C = Vault XP percentage of total XP
 D = Non-vault monster count
 E = Vault monster count
 F = Vault count percentage of total count
                 A         B        C        D         E       F
            +---------+---------+-------+---------+---------+-------
      Total |      83 |       0 |   0.0 |      41 |       0 |   0.0
            +---------+---------+-------+---------+---------+-------
        D:1 |      37 |       0 |   0.0 |      22 |       0 |   0.0
        D:2 |      46 |       0 |   0.0 |      19 |       0 |   0.0
            +---------+---------+-------+---------+---------+-------
